Match 47465566
Unlisted

Match 47465566
End
Construct Weapon Support Center
Selects Heavy Weapons
Engineer Squad
M1919 Machine Gun Team
Engineer Squad
Construct Medical Station
Bazooka Squad
Mechanized Support Center
Selects M2HB .50cal Heavy Machine Gun
Engineer Squad
M3 Armored Personnel Carrier
M3 Armored Personnel Carrier
Selects Assault Carriers
Designate Forward Repair Station
M1919 Machine Gun Team
Engineer Squad
Construct Tank Depot
Selects Exchangeable Parts
M4A1 Sherman Medium Tank
Engineer Squad
Engineer Squad
M4A1 Sherman Medium Tank
M4A1 76mm Conversion
Improvised Armor
Retlocke
ttheadventure
Eldusar
Suweren
Spartako
Elder-Gyattson
0
0

Comments sign in to comment!

No comments posted yet!